 Dungeon Crawl Stone Soup version 0.21.1-1-g345015f (webtiles) character file.

40257 shakethe the Fighter (level 13, -17/111 HPs)
             Began as a Demonspawn Fighter on Feb 21, 2018.
             Was a High Priest of Okawaru.
             Demolished by a death yak (21 damage)
             ... on level 6 of the Lair of Beasts.
             The game lasted 00:46:45 (30366 turns).

shakethe the Fighter (Demonspawn Fighter)          Turns: 30366, Time: 00:46:46

Health: -17/111    AC: 16    Str: 20    XL:     13   Next: 73%
Magic:  19/19      EV: 18    Int: 17    God:    Okawaru [*****.]
Gold:   469        SH: 12    Dex: 18    Spells: 12/12 levels left

rFire    + . .     SeeInvis .   b - +1 broad axe of the Imperium {freeze, *Slow +Inv Int+2}
rCold    . . .     Gourm    .   w - +0 buckler
rNeg     . . .     Faith    .   P - +1 scale mail of Disaster {Str+4}
rPois    .         Spirit   .   k - +0 helmet
rElec    .         Reflect  +   D - scarf {repulsion}
rCorr    .         Harm     .   A - +1 pair of gloves
MR       +....                  (boots unavailable)
Stlth    +++.......             r - +5 amulet of reflection
HPRegen  0.28/turn              s - ring of protection from magic {MR+, !d}
MPRegen  0.16/turn              z - ring of protection from fire {rF+, !d}

@: agile, heroism, repel missiles
A: claws 1, talons 3, foul stench 1, powered by pain 2, rot immunity
a: Heroism, Finesse, Renounce Religion, Evoke Invisibility


You were on level 6 of the Lair of Beasts.
You worshipped Okawaru.
Okawaru was extremely pleased with you.
You were not hungry.

You visited 2 branches of the dungeon, and saw 18 of its levels.

You collected 1087 gold pieces.
You spent 618 gold pieces at shops.

Inventory:

Hand Weapons
 a - the +3 flail of Conversion {freeze, +Blink rElec Str-4 Dex+4}
   (Okawaru gifted it to you on level 12 of the Dungeon)

   It has been specially enchanted to freeze those struck by it, causing extra
   injury to most foes and up to half again as much damage against particularly
   susceptible opponents.
   It can also slow down cold-blooded creatures.
   It affects your strength (-4).
   It affects your dexterity (+4).
   It insulates you from electricity.
   It lets you blink.
 b - the +1 broad axe of the Imperium (weapon) {freeze, *Slow +Inv Int+2}
   (Okawaru gifted it to you on level 3 of the Lair of Beasts)

   It has been specially enchanted to freeze those struck by it, causing extra
   injury to most foes and up to half again as much damage against particularly
   susceptible opponents.
   It can also slow down cold-blooded creatures.
   It affects your intelligence (+2).
   It lets you turn invisible.
   It may slow you when you take damage.
Armour
 k - a +0 helmet (worn)
   (You found it on level 4 of the Dungeon)
 w - a +0 buckler (worn)
   (You found it on level 4 of the Dungeon)
 A - a +1 pair of gloves (worn)
   (You found it on level 12 of the Dungeon)
 D - a scarf of repulsion (worn)
   (Okawaru gifted it to you on level 4 of the Lair of Beasts)
 P - the +1 scale mail of Disaster (worn) {Str+4}
   (You found it on level 11 of the Dungeon)

   It affects your strength (+4).
 T - a +0 hat of magic resistance
   (You took it off Gastronok on level 1 of the Lair of Beasts)
Jewellery
 r - a +5 amulet of reflection (around neck)
   (You found it on level 2 of the Lair of Beasts)
 s - a ring of protection from magic (left hand) {MR+, !d}
   (You found it on level 3 of the Dungeon)
 y - an uncursed amulet of magic regeneration {unknown}
   (You found it on level 2 of the Lair of Beasts)
 z - a ring of protection from fire (right hand) {rF+, !d}
   (You found it on level 2 of the Lair of Beasts)
 O - an uncursed ring of magical power {MP+9}
   (You found it on level 11 of the Dungeon)
 W - an uncursed ring of positive energy {rN+}
   (You found it on level 4 of the Lair of Beasts)
 Z - an uncursed ring of positive energy {rN+}
   (You found it on level 5 of the Lair of Beasts)
Wands
 c - a wand of polymorph (13)
   (You found it on level 1 of the Lair of Beasts)
 v - a wand of iceblast (5)
   (You found it on level 3 of the Dungeon)
 K - a wand of paralysis (16)
   (You found it on level 5 of the Lair of Beasts)
 M - a wand of digging (15)
   (You found it on level 11 of the Dungeon)
 S - a wand of scattershot (2)
   (You found it on level 11 of the Dungeon)
 U - a wand of acid (7)
   (You found it on level 4 of the Lair of Beasts)
Scrolls
 d - 2 scrolls of summoning {unknown}
 g - 8 scrolls of remove curse
 q - 3 scrolls of immolation {!r}
 t - 4 scrolls of enchant weapon
 u - 3 scrolls of enchant armour {unknown}
 x - 3 scrolls of fog
 E - 5 scrolls of identify
 F - 4 scrolls of amnesia
 L - a scroll of vulnerability {unknown}
 Q - 4 scrolls of teleportation
 R - a scroll of magic mapping {!r}
 V - a scroll of random uselessness {unknown}
Potions
 e - a potion of cancellation
 h - 2 potions of ambrosia
 i - 8 potions of flight
 j - 2 potions of resistance
 l - 2 potions of haste
 m - 2 potions of brilliance {unknown}
 n - 3 potions of degeneration {!q}
 o - 5 potions of lignification {!q}
 B - a potion of berserk rage {unknown}
 G - a potion of magic {unknown}
 J - 2 potions of agility
 X - 2 potions of curing
Miscellaneous
 C - a phantom mirror
Comestibles
 f - 27 rations
 H - a chunk of flesh {@w0@w0}


   Skills:
 + Level 13.0(18.0) Fighting
 + Level 12.0(17.0) Axes
 + Level 12.1(17.1) Armour
 - Level 4.0(9.0) Shields
 - Level 9.1 Invocations
 - Level 4.0 Evocations


You had 12 spell levels left.
You didn't know any spells.

Dungeon Overview and Level Annotations

Branches:
Dungeon (12/15)            Temple (0/1) D:7            Lair (6/6) D:8
  Swamp (0/4) Lair:2       Spider (0/4) Lair:3        Slime (0/5) Lair:5
    Orc (0/2) D:10

Altars:
Ashenzari
Cheibriados
Fedhas
Hepliaklqana
Kikubaaqudgha
Makhleb
Okawaru
Qazlal
Ru
Sif Muna
Wu Jian
Xom
Yredelemnul
Zin
The Shining One
Jiyva

Shops:
D:10 ([=

Annotations:
D:4 shakethe's ghost, novice DsFi
Lair:5 1 runed door


Innate Abilities, Weirdness & Mutations

You have claws for feet.
You may emit foul miasma when damaged in melee.
You sometimes gain power by taking damage.
You are immune to rotting.
You have sharp fingernails.


Message History

2 death yaks come into view.
The death yak bellows!
You hear an angry hiss.
The death yak gores you but does no damage.
You slice the death yak!! You freeze the death yak! You claw the death yak.
You slash the fungus! You freeze the fungus. You block the death yak's attack.
You hit the death yak but do no damage. Your kick misses the death yak.
You slash the fungus! You freeze the fungus. The death yak gores you! x2
You take 19 damage, and have 92/111 hp.
You slash the death yak! You freeze the death yak. You claw the death yak!
You hit the death yak but do no damage. You hit the fungus but do no damage.
The death yak misses you.
You slash the death yak! You freeze the death yak. You claw the death yak.
You hit the death yak but do no damage. You hit the fungus.
You freeze the fungus. The death yak gores you.
You take 2 damage, and have 90/111 hp.
You slash the death yak! You freeze the death yak. You slash the fungus!
You freeze the fungus. You slash the death yak! You freeze the death yak.
The death yak gores you.
The death yak gores the fungus.
The fungus is destroyed!
You block the death yak's attack.
You slash the death yak! You freeze the death yak. You hit the death yak.
You freeze the death yak. You hit the death yak. You freeze the death yak.
You hit the death yak but do no damage.
The death yak gores you but does no damage.
The death yak looks sick.
The death yak gores you!
The death yak looks sick.
You block the death yak's attack.
The death yak gores you but does no damage.
The death yak looks sick.
You hit the death yak but do no damage. Your kick misses the death yak.
You slash the death yak! You freeze the death yak.
You hit the death yak but do no damage. You slash the death yak!
You freeze the death yak. The death yak gores you!
You block the death yak's attack. The death yak barely misses you.
You block the death yak's attack.
You are too injured to fight recklessly!
You take 29 damage, and have 61/111 hp.
MASSIVE DAMAGE!!
You gain the combat prowess of a mighty hero.
The death yak gores you! The death yak gores you!!
* * * LOW HITPOINT WARNING * * *
The death yak barely misses you. The death yak misses you.
You take 31 damage, and have 30/111 hp.
MASSIVE DAMAGE!!
You now have 17/19 mp.
You hit the death yak. You freeze the death yak. You slash the death yak!
You freeze the death yak. You slash the death yak! You freeze the death yak.
You slash the death yak! You freeze the death yak. You hit the death yak.
You freeze the death yak. The death yak misses you.
The death yak gores you but does no damage.
The death yak gores you!
* * * LOW HITPOINT WARNING * * *
The death yak looks sick.
The death yak gores you.
* * * LOW HITPOINT WARNING * * *
You take 19 damage, and have 11/111 hp.
As you read the scroll of fear, it crumbles to dust.
You assume a fearsome visage.
The death yak looks frightened!
The death yak resists with some effort.
The death yak looks frightened!
The death yak resists with some effort. x2; The death yak easily resists.
You block the death yak's attack.
The death yak gores you but does no damage.
The death yak closely misses you.
Okay, then.
You feel much better. The death yak closely misses you.
The death yak gores you!!
* * * LOW HITPOINT WARNING * * *
You focus on the pain.
You feel agile all of a sudden. The death yak closely misses you.
You block the death yak's attack.
You regained 12 hp, and now have 23/111 hp.
You slash the death yak! You freeze the death yak.
You kill the death yak!
Okawaru is honoured by your kill.
You slash the death yak! You freeze the death yak. You hit the death yak.
You freeze the death yak. You hit the death yak but do no damage.
The death yak gores you.
* * * LOW HITPOINT WARNING * * *
You take 4 damage, and have 19/111 hp.
You slash the death yak! You freeze the death yak. You claw the death yak.
You hit the death yak but do no damage. You barely miss the death yak.
You block the death yak's attack.
The death yak gores you but does no damage.
The death yak completely misses you.
You slash the death yak! You freeze the death yak.
You kill the death yak!
Okawaru accepts your kill. Something appears before you!
Okawaru grants you armour!
Your base Axes skill increases to level 12!
You slash the death yak! You freeze the death yak.
You barely miss the death yak. You block the death yak's attack.
The death yak gores you!
* * * LOW HITPOINT WARNING * * *
You focus on the pain.
You feel your power returning.
You take 15 damage, and have 4/111 hp.
MP restored: 19
As you read the scroll of fear, it crumbles to dust.
You assume a fearsome visage.
The death yak resists with almost no effort. x2
The death yak gores you!!
You die...

######.... ##.###
...##.#. ##... .Y....
##.P..+....###.## ......
#P.PP##.....#...#
......##..PP##.........#
.......##.P###....+...#.
#......#....#.#.. ##...#
#.#..Y#...#..######..##
.#....@#......#.P#....#
....Y.†.Y.............P#
###.##....#.##..#..#..##
#. #####.###.#.#####.#
### ##### ##


You could see 4 death yaks.

Vanquished Creatures
  Gastronok (Lair:1)
  Kirke (D:12)
  The ghost of anp the Martial Artist, a journeyman GnTm of Gozag (D:9)
  A hydra (Lair:4)
  2 two-headed ogres
  7 death yaks
  An unseen horror (D:12)
  An ugly thing (D:12)
  8 black mambas
  A gargoyle (D:12)
  12 spiny frogs
  8 komodo dragons
  3 trolls
  A queen bee (D:11)
  2 tyrant leeches (Lair:2)
  A hornet (D:12)
  2 polar bears
  7 hippogriffs
  8 blink frogs
  4 dream sheep (Lair:5)
  29 yaks
  A spriggan (D:7)
  A hog (D:11)
  A hungry ghost (D:10)
  A steam dragon (D:11)
  Edmund (D:6)
  A swamp worm (Lair:2)
  An acid dragon (D:11)
  8 water moccasins
  9 porcupines
  3 sky beasts
  3 phantoms
  2 ice beasts
  4 orc warriors
  A hornet zombie (D:7)
  4 black bears
  9 ogres
  An eye of draining (D:12)
  7 wolves
  7 crocodiles
  2 centaurs
  A big kobold (D:11)
  13 bullfrogs
  A wyvern zombie (D:8)
  A wyvern skeleton (D:8)
  A water moccasin skeleton (D:11)
  7 scorpions
  9 wights
  28 killer bees
  2 howler monkeys (D:4)
  5 electric eels
  4 crimson imps
  A lava snake (D:10)
  2 jellies (D:11)
  4 quasits
  4 bullfrog zombies
  2 centaur zombies
  10 orc wizards
  2 orc priests
  4 hounds
  A bullfrog skeleton (D:6)
  Jessica (D:3)
  2 centaur skeletons
  Terence (D:2)
  3 iguanas
  9 worker ants
  3 hound zombies (D:6)
  A hound skeleton (D:11)
  4 worker ant zombies
  2 howler monkey zombies (D:6)
  15 adders
  4 gnolls (D:7)
  A howler monkey skeleton (D:6)
  5 shadow imps
  2 adder zombies (D:6)
  An adder skeleton (D:6)
  A worm (D:2)
  4 leopard geckos
  40 orcs
  2 bats
  5 giant cockroaches
  7 goblins
  6 hobgoblins
  4 jackals
  6 quokkas
  6 frilled lizards
  2 gnoll zombies (D:8)
  11 kobolds
  A leopard gecko skeleton (D:6)
  A leopard gecko zombie (D:6)
  5 quokka zombies (D:6)
  7 rats
  4 fungi
436 creatures vanquished.

Vanquished Creatures (others)
  A human (D:12)
  A black bear (D:12)
  4 centaurs (D:9)
  A bullfrog (D:12)
  An iguana (D:12)
  A kobold (D:11)
  A ball python (D:8)
  10 fungi
  4 plants
24 creatures vanquished.

Grand Total: 460 creatures vanquished

Notes
Turn   | Place    | Note
-------+----------+-------------------------------------------
     0 | D:1      | shakethe the Demonspawn Fighter began the quest for the Orb.
     0 | D:1      | Reached XP level 1. HP: 18/18 MP: 1/1
   346 | D:1      | Reached skill level 2 in Axes
   529 | D:1      | Gained mutation: You have sharp toenails. [demonic ancestry]
   529 | D:1      | Reached XP level 2. HP: 24/24 MP: 2/2
   756 | D:2      | Reached skill level 3 in Armour
  1017 | D:2      | Reached XP level 3. HP: 26/29 MP: 3/3
  2153 | D:2      | Noticed Terence
  2167 | D:2      | Killed Terence
  2167 | D:2      | Gained mutation: You sometimes gain a little power by taking damage. [demonic ancestry]
  2167 | D:2      | Reached XP level 4. HP: 21/37 MP: 4/4
  2460 | D:3      | Found an ornate altar of the Wu Jian Council.
  2487 | D:3      | Noticed Jessica
  2495 | D:3      | Killed Jessica
  2495 | D:3      | Reached skill level 4 in Fighting
  2555 | D:3      | Reached skill level 3 in Axes
  2978 | D:4      | Noticed shakethe's ghost (novice DsFi)
  2983 | D:3      | Reached XP level 5. HP: 28/42 MP: 5/5
  3232 | D:4      | Found a shattered altar of Ashenzari.
  3265 | D:4      | Found a shimmering altar of Xom.
  3562 | D:4      | Reached skill level 4 in Armour
  3581 | D:3      | HP: 10/43 [poisoned by a scorpion]
  3587 | D:3      | HP: 9/43 [poisoned by a scorpion]
  3595 | D:3      | HP: 8/43 [poisoned by a scorpion]
  4314 | D:4      | Reached XP level 6. HP: 43/49 MP: 6/6
  4456 | D:4      | Found a deep blue altar of Sif Muna.
  4571 | D:4      | Reached skill level 3 in Shields
  4789 | D:3      | Reached skill level 5 in Fighting
  4789 | D:3      | Reached skill level 4 in Axes
  4974 | D:4      | Found a hazy altar of Hepliaklqana.
  5084 | D:5      | Entered Level 5 of the Dungeon
  5092 | D:5      | Gained mutation: You have razor-sharp toenails. [demonic ancestry]
  5092 | D:5      | Reached XP level 7. HP: 56/56 MP: 7/7
  5260 | D:5      | Reached skill level 5 in Armour
  5644 | D:5      | Found a snail-covered altar of Cheibriados.
  5684 | D:5      | Found an iron altar of Okawaru.
  5689 | D:5      | Became a worshipper of Warmaster Okawaru
  6265 | D:6      | Found a glowing silver altar of Zin.
  6308 | D:6      | Reached skill level 4 in Shields
  6372 | D:6      | Reached XP level 8. HP: 34/64 MP: 8/8
  6668 | D:5      | Reached * piety under Okawaru
  6926 | D:6      | Reached skill level 6 in Fighting
  6926 | D:6      | Reached skill level 5 in Axes
  7359 | D:6      | Reached skill level 6 in Armour
  7464 | D:6      | Noticed Edmund
  7510 | D:6      | HP: 15/65 [Edmund/dire flail of crushing (7)]
  7511 | D:6      | Killed Edmund
  7535 | D:6      | HP: 16/65 [orc/war axe (1)]
  7835 | D:6      | Reached ** piety under Okawaru
  7835 | D:6      | Reached skill level 7 in Fighting
  7835 | D:6      | Reached skill level 6 in Axes
  7904 | D:6      | Found a glowing golden altar of the Shining One.
  7986 | D:6      | Gained mutation: You sometimes gain power by taking damage. [demonic ancestry]
  7986 | D:6      | Reached XP level 9. HP: 60/72 MP: 9/9
  8414 | D:7      | Reached skill level 1 in Evocations
  8711 | D:7      | Reached skill level 7 in Armour
  8732 | D:7      | Reached skill level 2 in Evocations
  8990 | D:7      | HP: 18/73 [worker ant (4)]
  8993 | D:7      | HP: 6/73 [iguana (8)]
  9469 | D:7      | HP: 16/74 [hornet zombie (7)]
  9470 | D:7      | HP: 6/74 [hornet zombie (8)]
  9837 | D:7      | Found a sacrificial altar of Ru.
 10057 | D:7      | Reached skill level 8 in Fighting
 10057 | D:7      | Reached skill level 7 in Axes
 10057 | D:7      | Reached skill level 3 in Evocations
 10099 | D:7      | Found a staircase to the Ecumenical Temple.
 10109 | D:7      | Reached *** piety under Okawaru
 10139 | D:8      | Noticed a two-headed ogre
 10152 | D:8      | HP: 18/74 [two-headed ogre/giant spiked club (9)]
 10532 | D:8      | Found a staircase to the Lair.
 10956 | D:8      | Found a sacrificial altar of Ru.
 11088 | D:8      | HP: 7/75 [two-headed ogre/giant spiked club (13)]
 11495 | D:8      | Gained mutation: You are immune to rotting. [demonic ancestry]
 11495 | D:8      | Reached XP level 10. HP: 78/81 MP: 12/12
 11675 | D:9      | Reached skill level 4 in Evocations
 11781 | D:9      | Found a blossoming altar of Fedhas.
 11991 | D:9      | Noticed anp's ghost (journeyman GnTm)
 12076 | D:9      | HP: 16/82 [anp's ghost (7)]
 12600 | D:8      | Found a basalt altar of Yredelemnul.
 12672 | D:8      | Reached skill level 1 in Invocations
 12878 | D:9      | Received a gift from Okawaru
 12889 | D:9      | HP: 20/82 [poisoned by a killer bee]
 12894 | D:9      | HP: 17/82 [poisoned by a killer bee]
 12899 | D:9      | HP: 15/82 [poisoned by a killer bee]
 12904 | D:9      | HP: 14/82 [poisoned by a killer bee]
 12911 | D:9      | HP: 14/82 [poisoned by a killer bee]
 12919 | D:9      | HP: 14/82 [poisoned by a killer bee]
 13672 | D:9      | Found a burning altar of Makhleb.
 13679 | D:9      | Found a snail-covered altar of Cheibriados.
 13682 | D:9      | Found a stormy altar of Qazlal.
 13731 | D:9      | Noticed a two-headed ogre
 13745 | D:9      | Killed a two-headed ogre
 13745 | D:9      | Reached **** piety under Okawaru
 13745 | D:9      | Reached skill level 8 in Armour
 13745 | D:9      | Reached skill level 3 in Invocations
 13817 | D:10     | Entered Level 10 of the Dungeon
 13817 | D:10     | Found Tarad's Antique Armour Shop.
 13903 | D:10     | Reached skill level 9 in Fighting
 13904 | D:10     | Reached skill level 8 in Axes
 14141 | D:10     | Found Vuph's Jewellery Shoppe.
 14153 | D:10     | Bought a +5 amulet of reflection for 618 gold pieces
 14196 | D:10     | Reached skill level 4 in Invocations
 14386 | D:10     | Found an iron altar of Okawaru.
 14422 | D:10     | Noticed a two-headed ogre
 14431 | D:10     | Killed a two-headed ogre
 14677 | D:10     | Reached skill level 5 in Invocations
 14727 | D:10     | Reached ***** piety under Okawaru
 14770 | D:10     | Found a staircase to the Orcish Mines.
 14818 | D:10     | Found Hafaa's Weapon Boutique.
 15285 | D:11     | HP: 20/83 [poisoned by a killer bee]
 15291 | D:11     | HP: 19/83 [poisoned by a killer bee]
 15297 | D:11     | HP: 18/83 [poisoned by a killer bee]
 15304 | D:10     | HP: 18/83 [poisoned by a killer bee]
 15657 | D:11     | Gained mutation: You have claws for feet. [demonic ancestry]
 15657 | D:11     | Reached XP level 11. HP: 68/89 MP: 15/15
 16310 | D:11     | Reached skill level 9 in Armour
 16310 | D:11     | Reached skill level 6 in Invocations
 16452 | D:11     | HP: 19/90 [killer bee (7)]
 16458 | D:11     | HP: 19/90 [poisoned by a killer bee]
 16847 | D:11     | HP: 16/90 [steam dragon] (12)]
 17448 | D:11     | HP: 21/90 [killer bee (4)]
 17453 | D:11     | HP: 18/90 [poisoned by a killer bee]
 17458 | D:11     | HP: 15/90 [poisoned by a killer bee]
 17463 | D:11     | HP: 13/90 [poisoned by a killer bee]
 17962 | D:11     | Found a blossoming altar of Fedhas.
 18161 | D:11     | Reached skill level 10 in Fighting
 18285 | D:11     | Found the +27 Lear's hauberk
 18285 | D:11     | Got a shimmering scale mail
 18686 | D:11     | Reached skill level 9 in Axes
 18880 | D:12     | Reached skill level 7 in Invocations
 18967 | D:12     | Noticed Kirke
 19216 | D:12     | Noticed a sphinx
 19230 | D:12     | Killed Kirke
 19274 | D:12     | Killed an unseen horror
 19536 | D:12     | Identified the +1 scale mail of Disaster {Str+4} (You found it on level 11 of the Dungeon)
 19539 | D:12     | Got a shimmering rapier
 19540 | D:12     | Identified the +8 rapier of Otihuxih {venom, *Contam Dex+6} (You found it on level 12 of the Dungeon)
 19586 | D:12     | Gained mutation: You have sharp fingernails. [mutagenic glow]
 19652 | D:12     | Reached skill level 8 in Invocations
 19658 | D:12     | Noticed a green ugly thing
 19669 | D:12     | Killed a cyan ugly thing
 19687 | D:12     | Paralysed by a hornet for 2 turns
 20002 | D:12     | Received a gift from Okawaru
 20009 | D:12     | Got an encrusted flail {god gift}
 20010 | D:12     | Identified the +3 flail of Conversion {freeze, +Blink rElec Str-4 Dex+4} (Okawaru gifted it to you on level 12 of the Dungeon)
 20366 | D:9      | Killed anp's ghost
 20526 | D:9      | Found an ancient bone altar of Kikubaaqudgha.
 20728 | Lair:1   | Entered Level 1 of the Lair of Beasts
 20738 | Lair:1   | HP: 21/92 [spiny frog (18)]
 21236 | D:8      | Reached XP level 12. HP: 80/99 MP: 15/18
 21284 | Lair:1   | Noticed Gastronok
 21302 | Lair:1   | Killed Gastronok
 21302 | Lair:1   | Reached skill level 10 in Armour
 21302 | Lair:1   | Reached skill level 9 in Invocations
 21418 | Lair:1   | HP: 18/99 [porcupine's spines (12)]
 21425 | Lair:1   | HP: 8/99 [porcupine (12)]
 21430 | D:8      | HP: 7/99 [porcupine's spines (9)]
 21430 | D:8      | HP: 3/99 [porcupine (4)]
 21836 | D:8      | Reached skill level 11 in Fighting
 22128 | Lair:1   | Reached skill level 10 in Axes
 23650 | Lair:2   | HP: 25/100 [poisoned by a black mamba]
 23655 | Lair:2   | HP: 24/100 [poisoned by a black mamba]
 23662 | Lair:2   | HP: 24/100 [poisoned by a black mamba]
 23670 | Lair:2   | HP: 24/100 [poisoned by a black mamba]
 24244 | Lair:2   | HP: 25/100 [poisoned by a spiny frog]
 24683 | Lair:2   | Found a staircase to the Swamp.
 25212 | Lair:2   | Reached skill level 11 in Armour
 25424 | Lair:3   | Found a hole to the Spider Nest.
 25588 | Lair:3   | Received a gift from Okawaru
 25591 | Lair:3   | Got a crude broad axe {god gift}
 25592 | Lair:3   | Identified the +1 broad axe of the Imperium {freeze, *Slow +Inv Int+2} (Okawaru gifted it to you on level 3 of the Lair of Beasts)
 26556 | Lair:4   | Reached skill level 12 in Fighting
 26609 | Lair:4   | Reached skill level 11 in Axes
 26661 | Lair:4   | Gained mutation: You may emit foul miasma when damaged in melee. [demonic ancestry]
 26661 | Lair:4   | Reached XP level 13. HP: 93/108 MP: 19/19
 27486 | Lair:4   | Received a gift from Okawaru
 27655 | Lair:4   | Got a pitted flail
 27660 | Lair:4   | Identified the cursed +0 flail of Havoc {crush, *Noise rF++ Int+8 Dex+3} (You found it on level 4 of the Lair of Beasts)
 29877 | Lair:5   | Reached skill level 12 in Armour
 29882 | Lair:5   | Found a runed door.
 29884 | Lair:5   | Found a viscous altar of Jiyva.
 29888 | Lair:5   | Found a staircase to the Slime Pits.
 29888 | Lair:5   | Noticed an acid blob
 29888 | Lair:5   | Noticed an acid blob
 30148 | Lair:6   | Entered Level 6 of the Lair of Beasts
 30169 | Lair:6   | Reached skill level 13 in Fighting
 30360 | Lair:6   | HP: 14/111 [death yak (16)]
 30365 | Lair:6   | Received a gift from Okawaru
 30365 | Lair:6   | Reached skill level 12 in Axes
 30365 | Lair:6   | HP: 4/111 [death yak (15)]
 30366 | Lair:6   | Demolished by a death yak

Skill      XL: |  1  2  3  4  5  6  7  8  9 10 11 12 13 |
---------------+----------------------------------------+-----
Axes           | 2 3 4 6 7 8 9 11 12 | 12.0
Armour         | 3 4 5 6 7 8 9 11 12 | 12.1
Fighting       | 4 5 7 8 9 10 12 13 | 13.0
Shields        | 3 4 |  4.0
Evocations     | 3 4 |  4.0
Invocations    | 5 8 9 |  9.1

Action                   |  1- 3 |  4- 6 |  7- 9 | 10-12 | 13-15 || total
-------------------------+-------+-------+-------+-------+-------++-------
Melee: War axe           |   117 |   113 |   600 |   302 |       ||  1132
       Kick              |    23 |    25 |     6 |   219 |    58 ||   331
       Broad axe         |       |       |       |   642 |   215 ||   857
       Flail             |       |       |       |       |     5 ||     5
Invok: Heroism           |       |       |    12 |    30 |     4 ||    46
       Finesse           |       |       |       |     3 |     2 ||     5
Evoke: Wand              |       |       |       |     2 |       ||     2
  Use: Potion            |       |     1 |     3 |     8 |     1 ||    13
       Scroll            |       |       |    11 |    11 |     3 ||    25
  Eat: Chunk             |     3 |     4 |    10 |    22 |     4 ||    43
       Ration            |       |     2 |     3 |     9 |     2 ||    16
Armor: Scale mail        |    46 |    35 |       |   123 |    82 ||   286
       Chain mail        |       |    29 |   452 |   394 |       ||   875
Dodge: Dodged            |    30 |    41 |   276 |   348 |   100 ||   795
Block: Shield            |    60 |    55 |       |       |       ||   115
       Buckler           |       |     7 |   185 |   516 |   113 ||   821
       Reflection        |       |       |       |    19 |       ||    19

Vault maps used:
D:1:      lightli_arrival_statue_moat
D:2:      uniq_terence
D:3:      nicolae_overflow_crystal_walls, uniq_jessica
D:4:      xom_butterflies, kennysheep_mini_moat, led_sif_book,
          evilmike_ruin_ashenzari, first_ration
D:5:      lemuel_doored_altar, basic_altar
D:6:      cheibrodos_barr_body, nicolae_overflow_hidden_temple, serial_undead,
          serial_undead_a, serial_undead_c, serial_undead_b, serial_undead_f,
          serial_undead_d, serial_undead_a, serial_undead_c, serial_undead_b,
          serial_undead_d, serial_undead_a, nicolae_tso_swordbearing_angel,
          uniq_edmund
D:7:      minmay_temple_entry_enclosed_plants, basic_altar, the_bakery
D:8:      lemuel_zombie_altar_yredelemnul, nicolae_ru_the_path_less_chosen,
          lair_entry_dummy, lemuel_flamethrower_1
D:9:      kennysheep_little_box, minmay_overflow_temple_star_quad,
          lemuel_centaur_altar
D:10:     orc_0_dummy, serial_shops, shop, nicolae_shop_trees, kennysheep_mini,
          kennysheep_diamond, okawaru_ov_weapons_minmay
D:11:     minmay_the_grid_four_pointed_star, special_room, fedhas_altar_3
D:12:     lab_entry_generic, uniq_kirke
Lair:1:   fungi_pond_lemuel, minivault_26, beast_lair_carwin_6, uniq_gastronok
Lair:2:   minmay_swamp_entry_worms, grunt_megastairs_3, lemuel_fruit_tree
Lair:3:   dummy_spider_entry
Lair:4:   cheibrodos_lair_river_kwai, serial_bayou_lake_a, serial_bayou_shore_a
Lair:5:   slime_altar_2
Lair:6:   evil_forest

Table legend:
 A = Turns spent in this place as a percentage of turns spent in the entire game.
 B = Non-inter-level travel turns spent in this place as a percentage of non-inter-level travel turns spent in the entire game.
 C = Inter-level travel turns spent in this place as a percentage of turns spent in this place.
 D = Turns resting spent in this place as a percentage of non-inter-level travel turns spent in this place.
 E = Turns spent auto-exploring this place as a percentage of non-inter-level travel turns spent in this place.
 F = Non-inter-level travel turns spent in this place divided by the number of levels of this place that you've seen.
                   A       B       C       D       E      F
               +-------+-------+-------+-------+-------+----------------------
         Total | 100.0 | 100.0 |   2.0 |  45.8 |  33.3 | 1652.4
       Dungeon |  72.2 |  72.1 |   2.3 |  47.9 |  29.8 | 1786.2
          Lair |  27.8 |  27.9 |   1.4 |  40.1 |  42.4 | 1385.0
               +-------+-------+-------+-------+-------+----------------------

Table legend:
 A = Kills in this place as a percentage of kills in entire the game.
 B = Kills by you in this place as a percentage of kills by you in the entire game.
 C = Kills by friends in this place as a percentage of kills by friends in the entire game.
 D = Other kills in this place as a percentage of other kills in the entire game.
 E = Experience gained in this place as a percentage of experience gained in the entire game.
 F = Experience gained in this place divided by the number of levels of this place that you have seen.
                   A       B       C       D       E      F
               +-------+-------+-------+-------+-------+----------------------
         Total | 100.0 | 100.0 |   N/A | 100.0 | 100.0 | 3195.0
       Dungeon |  72.0 |  71.8 |   N/A | 100.0 |  39.9 | 1914.2
          Lair |  28.0 |  28.2 |   N/A |   0.0 |  60.1 | 5756.5
               +-------+-------+-------+-------+-------+----------------------
